 Dungeon Crawl Stone Soup version 0.23.2-40-g277498a001 (webtiles) character file.

Game seed: 2592871740141710632

25034 frederrik2 the Basher (level 12, -1/113 HPs)
             Began as a Minotaur Fighter on Sept 22, 2019.
             Was a High Priest of Okawaru.
             Slain by a yak (13 damage)
             ... summoned by a boggart
             ... on level 5 of the Lair of Beasts.
             The game lasted 01:18:45 (11520 turns).

frederrik2 the Basher (Minotaur Fighter)           Turns: 11520, Time: 01:18:45

Health: -1/113     AC: 16    Str: 26    XL:     12   Next: 85%
Magic:  14/14      EV: 11    Int:  7    God:    Okawaru [*****.]
Gold:   789        SH: 19    Dex: 10    Spells: 11/11 levels left

rFire    . . .     SeeInvis +   a - +8 flail of Dismay {flame, Int+2}
rCold    + . .     Gourm    .   H - +0 large shield
rNeg     . . .     Faith    .   b - +2 ring mail of Nauwkewk {rElec Regen+}
rPois    .         Spirit   .   Q - +2 hat
rElec    +         Reflect  .   v - +1 cloak
rCorr    .         Harm     +   (no gloves)
MR       .....                  l - +1 pair of boots
Stlth    +.........             R - amulet of harm
HPRegen  0.68/turn              r - ring of see invisible
MPRegen  0.14/turn              X - ring of protection from cold

@: marked
A: retaliatory headbutt, horns 2
a: Heroism, Finesse, Renounce Religion


You were on level 5 of the Lair of Beasts.
You worshipped Okawaru.
Okawaru was extremely pleased with you.
You were hungry.

You visited 3 branches of the dungeon, and saw 15 of its levels.

You collected 789 gold pieces.

Inventory:

Hand Weapons
 a - the +8 flail of Dismay (weapon) {flame, Int+2}
   (You found it on level 6 of the Dungeon)

   It has been specially enchanted to burn those struck by it, causing extra
   injury to most foes and up to half again as much damage against particularly
   susceptible opponents.
   It affects your intelligence (+2).
 c - a +0 blowgun
 T - a +0 battleaxe of flaming
 U - the +9 rapier of Offavin {venom, MR++ Str+5 Dex+2}
   (You found it on level 1 of the Lair of Beasts)

   It poisons the flesh of those it strikes.
   It affects your strength (+5).
   It affects your dexterity (+2).
   It affects your resistance to hostile enchantments.
Missiles
 s - 26 tomahawks (quivered)
 u - 38 poisoned needles
 E - 75 sling bullets
 K - 3 poisoned javelins
 W - 8 needles of confusion
Armour
 b - the +2 ring mail of Nauwkewk (worn) {rElec Regen+}
   (You found it on level 5 of the Dungeon)

   It insulates you from electricity.
   It increases your rate of regeneration.
 l - a +1 pair of boots (worn)
 v - a +1 cloak (worn)
 H - a +0 large shield (worn)
 Q - a +2 hat (worn)
Jewellery
 i - an uncursed amulet of rage
 r - a ring of see invisible (left hand)
 B - an uncursed amulet of guardian spirit
 G - an uncursed ring of protection from fire
 R - an amulet of harm (around neck)
 X - a ring of protection from cold (right hand)
Wands
 q - a wand of clouds (6)
 w - a wand of scattershot (6)
 z - a wand of flame (31)
 D - a wand of disintegration (19)
 L - a wand of paralysis (5)
 M - a wand of random effects (24)
 Y - a wand of digging (7)
Scrolls
 d - a scroll of silence {unknown}
 g - 2 scrolls of identify
 k - 6 scrolls of remove curse
 n - a scroll of fear {unknown}
 p - 4 scrolls of magic mapping
 t - 4 scrolls of teleportation {unknown}
 y - 3 scrolls of fog {unknown}
 C - 3 scrolls of random uselessness {unknown}
 F - 3 scrolls of enchant weapon
 I - 3 scrolls of immolation {unknown}
 O - 2 scrolls of enchant armour {unknown}
 S - a scroll of amnesia {unknown}
 Z - a scroll of acquirement {unknown}
Potions
 e - 2 potions of degeneration {unknown}
 h - 3 potions of haste {unknown}
 j - 7 potions of curing
 m - 3 potions of heal wounds
 o - a potion of magic {unknown}
 x - a potion of berserk rage {unknown}
 A - 2 potions of lignification
 J - 2 potions of ambrosia {unknown}
 N - a potion of mutation {unknown}
Miscellaneous
 V - a lamp of fire
Comestibles
 f - 32 rations
 P - 2 chunks of flesh


   Skills:
 * Level 12.5 Fighting
 + Level 3.2(4.7) Short Blades
   Level 5.9(6.4) Long Blades
 - Level 14.0 Maces & Flails
 + Level 10.2 Armour
 - Level 6.1 Dodging
 - Level 1.0 Stealth
 * Level 11.4 Shields
 - Level 4.0 Invocations


You had 11 spell levels left.
You didn't know any spells.
Your spell library contained the following spells:

 Spells                   Type           Power        Failure   Level  Hunger
 Animate Skeleton         Necr           N/A          98%         1    ##.....
 Apportation              Tloc           #.....       98%         1    ##.....
 Confusing Touch          Hex            #.....       98%         1    ##.....
 Pain                     Necr           #...         98%         1    ##.....
 Sting                    Conj/Pois      #...         98%         1    ##.....
 Summon Small Mammal      Summ           #...         98%         1    ##.....
 Poisonous Vapours        Pois/Air       #.....       99%         2    ###....
 Mephitic Cloud           Conj/Pois/Air  #.......     100%        3    ####...
 Recall                   Summ/Tloc      N/A          100%        3    ####...
 Regeneration             Chrm/Necr      #.........   100%        3    ####...
 Spider Form              Tmut/Pois      #.........   100%        3    ####...
 Vampiric Draining        Necr           #.........   100%        3    ####...
 Animate Dead             Necr           N/A          100%        4    #####..
 Olgreb's Toxic Radiance  Pois           #.......     100%        4    #####..
 Aura of Abjuration       Summ           #.........   100%        5    ######.
 Irradiate                Conj/Tmut      #.........   100%        5    ######.
 Summon Demon             Summ           #.........   100%        5    ######.
 Summon Forest            Summ/Tloc      #.........   100%        5    ######.
 Summon Mana Viper        Hex/Summ       #.......     100%        5    ######.
 Venom Bolt               Conj/Pois      #.........   100%        5    ######.
 Hydra Form               Tmut           #.........   100%        6    #######
 Shadow Creatures         Summ           N/A          100%        6    #######


Dungeon Overview and Level Annotations

Branches:
Dungeon (9/15)             Temple (1/1) D:6            Lair (5/6) D:9
 Shoals (0/4) Lair:2       Spider (0/4) Lair:4        Slime (0/5) Lair:5
    Orc: D:9-12

Altars:
Ashenzari
Cheibriados
Dithmenos
Elyvilon
Fedhas
Gozag
Hepliaklqana
Kikubaaqudgha
Makhleb
Nemelex Xobeh
Okawaru
Qazlal
Ru
Sif Muna
Trog
Uskayaw
Vehumet
Wu Jian
Xom
Yredelemnul
Zin
The Shining One

Annotations:
Lair:3 exclusion: oklob plant
Lair:5 Veenygh's ghost, journeyman DrFE


Innate Abilities, Weirdness & Mutations

You reflexively headbutt those who attack you in melee.
You have a pair of horns on your head.


Message History

Veenygh's ghost says, "I love the smell of burning flesh."
You block the spriggan rider's attack. You block the spriggan rider's attack.
Press: ? - help, v - describe, . - travel A rock wall.
The wolf sets off the alarm!
The alarm trap emits a blaring wail!
A sentinel's mark forms upon you.
You hear a bellow! x2
The spriggan rider hits you from afar with the +9 spear of Dried Tears {flame, rPois Int+7}!
The spriggan rider burns you. You block the spriggan rider's attack.
The yak closely misses you.
Something hits the plant!
You block the yak's attack.
The spriggan rider hits you from afar with the +9 spear of Dried Tears {flame, rPois Int+7}!!
* * * LOW HITPOINT WARNING * * *
The spriggan rider burns you.
* * * LOW HITPOINT WARNING * * *
There is a stone staircase leading up, spattered with blood here.
You block the yak's attack. The yak gores you!
You die...

....## ####.#....## ###..##
###.# ###.P.W.# #.Wi## .#..#
##...## #Phi.## ..### #P).h####
###...# ..P# ######PP#...P###
#...## ...######..##...i...##.#
##...# #..##P##.......i.......#
##...## ......P.........YY.Y...#
#....# #.).............@Y.....##
##...#
##.P.P##................#####.##
#...###......(............h.h.##
##.## #.................P...#..#
##.# #.#.....................#♣
#P.# ####...##.#.#♣♣♣#8.i.8#♣♣
#..# ##.<###### ♣.♣##'##♣i♣
##.## #P....## ♣..♣...♣♣ #...###
####...# ♣.♣.♣..♣♣


You could see 2 spriggan riders, 4 yaks, a wolf and Veenygh's ghost.

Vanquished Creatures
  Fannar (Lair:2)
  2 hydras
  A catoblepas (Lair:3)
  4 black mambas
  2 merfolk sirens (Lair:2)
  A torpor snail (Lair:4)
  6 spiny frogs
  A rime drake (Lair:4)
  4 komodo dragons
  A troll (D:9)
  4 jumping spiders (Lair:4)
  2 merfolk (Lair:2)
  8 blink frogs
  2 wyverns
  2 hippogriffs
  42 yaks
  4 redbacks (Lair:4)
  Grum (D:8)
  A basilisk (Lair:4)
  7 water moccasins
  5 porcupines
  An orc warrior (D:8)
  A black bear (D:9)
  A phantom (D:9)
  11 wolves
  6 ogres
  10 crocodiles
  5 centaurs
  10 bullfrogs
  4 scorpions
  5 wights (D:6)
  4 electric eels
  3 howler monkeys
  A centaur zombie (D:9)
  2 bullfrog zombies
  5 orc priests
  5 jellies
  A centaur skeleton (D:9)
  6 orc wizards
  2 hounds
  3 iguanas
  Ijyb (D:5)
  5 worker ants
  Robin (D:3)
  A worker ant zombie (D:6)
  11 gnolls
  11 adders
  6 oozes
  An adder zombie (D:5)
  An adder skeleton (D:4)
  A worm (D:4)
  6 leopard geckos
  25 orcs
  7 giant cockroaches
  14 goblins
  7 hobgoblins
  7 jackals
  5 kobolds
  4 quokkas
  2 ball pythons (D:1)
  9 bats
  7 frilled lizards
  A quokka skeleton (D:4)
  2 rats (D:1)
  A spectral orc (D:6)
  A butterfly (Lair:2)
  A plant (D:9)
325 creatures vanquished.

Vanquished Creatures (others)
  3 fungi
  8 plants
11 creatures vanquished.

Grand Total: 336 creatures vanquished

Notes
Turn   | Place    | Note
-------+----------+-------------------------------------------
     0 | D:1      | frederrik2 the Minotaur Fighter began the quest for the
                  | Orb.
     0 | D:1      | Reached XP level 1. HP: 19/19 MP: 0/0
   193 | D:1      | Reached XP level 2. HP: 27/27 MP: 1/1
   312 | D:1      | Reached skill level 3 in Maces & Flails
   796 | D:1      | Reached XP level 3. HP: 33/33 MP: 2/2
  1097 | D:2      | Noticed a scorpion
  1105 | D:2      | Killed a scorpion
  1105 | D:2      | Reached skill level 4 in Maces & Flails
  1105 | D:2      | Reached XP level 4. HP: 41/41 MP: 3/3
  1357 | D:2      | Found a shimmering altar of Xom.
  1358 | D:2      | Found a shimmering altar of Xom.
  1358 | D:2      | Found a shimmering altar of Xom.
  1359 | D:2      | Found a shimmering altar of Xom.
  1359 | D:2      | Found a shimmering altar of Xom.
  1359 | D:2      | Found a shimmering altar of Xom.
  1431 | D:2      | Reached skill level 5 in Maces & Flails
  1431 | D:2      | Reached XP level 5. HP: 42/47 MP: 4/4
  1800 | D:3      | Noticed Robin
  1825 | D:3      | Killed Robin
  2261 | D:3      | Reached skill level 5 in Fighting
  2676 | D:4      | Reached skill level 1 in Stealth
  2701 | D:4      | Reached skill level 6 in Maces & Flails
  2859 | D:4      | Noticed an ogre
  2868 | D:4      | Killed an ogre
  2868 | D:4      | Reached XP level 6. HP: 40/56 MP: 3/5
  3074 | D:4      | Reached skill level 7 in Maces & Flails
  3351 | D:5      | Entered Level 5 of the Dungeon
  3370 | D:5      | Found an opulent altar of Gozag.
  3534 | D:5      | Found a white marble altar of Elyvilon.
  3564 | D:5      | Found a blossoming altar of Fedhas.
  3569 | D:5      | Got a faintly humming ring mail
  3574 | D:5      | Noticed Ijyb
  3589 | D:5      | Killed Ijyb
  3592 | D:5      | Identified the +2 ring mail of Nauwkewk {rElec Regen+} (You
                  | found it on level 5 of the Dungeon)
  3928 | D:6      | Reached skill level 8 in Maces & Flails
  3928 | D:6      | Reached XP level 7. HP: 59/61 MP: 6/6
  3993 | D:6      | Found a basalt altar of Yredelemnul.
  4105 | D:6      | Reached skill level 9 in Maces & Flails
  4207 | D:6      | Found a staircase to the Ecumenical Temple.
  4227 | Temple   | Entered the Ecumenical Temple
  4477 | D:6      | Found a stormy altar of Qazlal.
  4478 | D:6      | Got a jewelled flail
  4491 | D:6      | Reached skill level 10 in Maces & Flails
  4565 | D:6      | Reached XP level 8. HP: 59/68 MP: 7/7
  4663 | D:6      | Found a hazy altar of Hepliaklqana.
  5005 | D:7      | Reached skill level 11 in Maces & Flails
  5024 | D:7      | Found an iron altar of Okawaru.
  5032 | D:7      | Became a worshipper of Warmaster Okawaru
  5249 | D:7      | Found a snail-covered altar of Cheibriados.
  5884 | D:8      | Noticed Grum
  5886 | D:8      | Reached skill level 12 in Maces & Flails
  6019 | D:8      | Killed Grum
  6019 | D:8      | Reached skill level 13 in Maces & Flails
  6019 | D:8      | Reached XP level 9. HP: 29/74 MP: 6/8
  6189 | D:8      | Found a sacrificial altar of Ru.
  6190 | D:8      | Found an ancient bone altar of Kikubaaqudgha.
  6287 | D:8      | Reached * piety under Okawaru
  6336 | D:8      | Reached skill level 14 in Maces & Flails
  6349 | D:8      | Reached skill level 1 in Invocations
  6562 | D:8      | Found a white marble altar of Elyvilon.
  6690 | D:9      | Found a staircase to the Lair.
  6737 | D:9      | Reached ** piety under Okawaru
  6761 | D:9      | Reached skill level 5 in Shields
  6775 | D:9      | Reached skill level 5 in Armour
  6829 | D:9      | Identified the +8 flail of Dismay {flame, Int+2} (You found
                  | it on level 6 of the Dungeon)
  6928 | D:9      | Found a glowing golden altar of the Shining One.
  7082 | D:9      | Reached XP level 10. HP: 78/84 MP: 11/11
  7123 | D:9      | Reached *** piety under Okawaru
  7228 | D:9      | Found a sacrificial altar of Ru.
  7300 | D:9      | Found a deep blue altar of Sif Muna.
  7350 | Lair:1   | Entered Level 1 of the Lair of Beasts
  7520 | Lair:1   | Received a gift from Okawaru
  7544 | Lair:1   | Noticed a four-headed hydra
  7572 | Lair:1   | Got a smoking rapier
  7790 | Lair:1   | Identified the +9 rapier of Offavin {venom, MR++ Str+5
                  | Dex+2} (You found it on level 1 of the Lair of Beasts)
  7921 | Lair:1   | Noticed a six-headed hydra
  7926 | Lair:1   | Killed a six-headed hydra
  7926 | Lair:1   | Reached **** piety under Okawaru
  7926 | Lair:1   | Reached skill level 1 in Long Blades
  7926 | Lair:1   | Reached skill level 1 in Dodging
  8269 | Lair:2   | Reached XP level 11. HP: 58/95 MP: 13/13
  8333 | Lair:2   | Reached ***** piety under Okawaru
  8482 | Lair:2   | Identified the Guide on Moulding and Necromancy
  8547 | Lair:2   | Noticed Fannar
  8705 | Lair:2   | Killed Fannar
  8891 | Lair:2   | Found a staircase to the Shoals.
  8922 | Lair:2   | Reached skill level 5 in Dodging
  9000 | Lair:2   | Reached skill level 10 in Fighting
  9279 | Lair:3   | Noticed a catoblepas
  9292 | Lair:3   | Killed a catoblepas
  9744 | Lair:3   | Noticed an oklob plant
 10112 | Lair:4   | Reached skill level 5 in Long Blades
 10160 | Lair:4   | Reached XP level 12. HP: 85/108 MP: 14/14
 10477 | Lair:4   | Reached skill level 10 in Shields
 10478 | Lair:4   | Received a gift from Okawaru
 10491 | Lair:4   | Found a hole to the Spider Nest.
 10813 | Lair:4   | Reached skill level 1 in Short Blades
 11035 | Lair:5   | Found a staircase to the Slime Pits.
 11071 | Lair:5   | Noticed a five-headed hydra
 11082 | Lair:5   | Killed a five-headed hydra
 11216 | Lair:5   | Reached skill level 10 in Armour
 11233 | Lair:5   | Reached ****** piety under Okawaru
 11462 | Lair:5   | Found a runed translucent door.
 11464 | Lair:5   | Noticed Veenygh's ghost (journeyman DrFE)
 11464 | Lair:5   | Identified the +9 spear of Dried Tears {flame, rPois Int+7}
 11520 | Lair:5   | Slain by a yak

Skill      XL: |  1  2  3  4  5  6  7  8  9 10 11 12 |
---------------+-------------------------------------+-----
Maces & Flails | 3 4 5 6 8 10 13 14 | 14.0
Armour         | 4 5 7 9 10 | 10.2
Fighting       | 4 5 6 8 10 12 | 12.5
Shields        | 4 5 7 9 11 | 11.4
Stealth        | 1 |  1.0
Invocations    | 3 4 |  4.0
Long Blades    | 2 5 |  5.9
Dodging        | 3 6 |  6.1
Short Blades   | 3 |  3.2

Action                   |  1- 3 |  4- 6 |  7- 9 | 10-12 || total
-------------------------+-------+-------+-------+-------++-------
Melee: Flail             |    38 |       |    28 |   408 ||   474
       Headbutt          |    15 |    27 |    64 |    74 ||   180
       Whip              |    41 |   159 |   318 |       ||   518
Throw: Stone             |       |       |     9 |       ||     9
       Tomahawk          |       |       |     1 |     2 ||     3
       Javelin           |       |       |       |     5 ||     5
Invok: Heroism           |       |       |     1 |     4 ||     5
       Finesse           |       |       |       |     1 ||     1
  Use: Scroll            |       |     3 |     4 |     4 ||    11
       Potion            |       |       |     1 |    10 ||    11
  Eat: Chunk             |     1 |     9 |     6 |    14 ||    30
       Ration            |       |       |     1 |       ||     1
Armor: Scale mail        |    36 |    33 |       |       ||    69
       Ring mail         |       |       |    72 |    64 ||   136
       Skin              |       |       |     2 |       ||     2
Dodge: Dodged            |    25 |    28 |    73 |    90 ||   216
Block: Shield            |    48 |    65 |   106 |   105 ||   324
       Large shield      |       |       |       |   149 ||   149
